 Dungeon Crawl Stone Soup version 0.22-a0-619-ga0c6fd2 (webtiles) character file.

96 twist the Poker (level 4, 0/32 HPs)
             Began as a Merfolk Transmuter on July 14, 2018.
             Succumbed to a killer bee's poison
             ... on level 4 of the Dungeon.
             The game lasted 00:05:20 (2488 turns).

twist the Poker (Merfolk Transmuter)                Turns: 2488, Time: 00:05:21

Health: 0/32       AC:  3    Str: 10    XL:     4   Next: 67%
Magic:  0/7        EV: 13    Int: 13    God:
Gold:   124        SH:  0    Dex: 14    Spells: 1/7 levels left

rFire    . . .     SeeInvis .   e - +0 spear
rCold    . . .     Gourm    .   (no shield)
rNeg     + . .     Faith    .   p - +0 robe (curse)
rPois    .         Spirit   +   (no helmet)
rElec    .         Reflect  .   (no cloak)
rCorr    .         Harm     .   l - +0 pair of gloves
MR       .....                  (no boots)
Stlth    +.........             q - amulet of guardian spirit
HPRegen  0.10/turn              f - ring of positive energy
MPRegen  0.10/turn              (no ring)

@: lethally poisoned (0 -> -6)
A: change form in water, swift swim, stealthy swim
a: no special abilities


You were on level 4 of the Dungeon.
You were not hungry.

You visited 1 branch of the dungeon, and saw 4 of its levels.

You collected 124 gold pieces.

Inventory:

Hand Weapons
 e - a +0 spear (weapon)
Missiles
 a - 10 arrows
Armour
 b - a +0 robe
 l - a +0 pair of gloves (worn)
 p - a cursed +0 robe (worn)
Jewellery
 f - a ring of positive energy (left hand)
 q - an amulet of guardian spirit (around neck)
Scrolls
 i - a scroll of random uselessness {unknown}
 j - a scroll of teleportation {unknown}
 n - a scroll of immolation
 o - 4 scrolls of remove curse {unknown}
 t - 2 scrolls of identify {unknown}
Potions
 c - a potion of haste {unknown}
 g - 2 potions of curing {unknown}
 h - a potion of heal wounds {unknown}
 k - a potion of agility {unknown}
 m - a potion of resistance {unknown}
 r - 2 potions of lignification {unknown}
Comestibles
 d - 5 rations


   Skills:
 - Level 1.3 Fighting
 * Level 5.4 Polearms
 - Level 2.9 Dodging
 - Level 3.4 Unarmed Combat
 - Level 2.1 Spellcasting
 - Level 2.9 Transmutations


You had one spell level left.
You knew the following spells:

 Your Spells              Type           Power        Failure   Level  Hunger
a - Beastly Appendage     Tmut           #.....       8%          1    ##.....
b - Sticks to Snakes      Tmut           #.......     12%         2    ###....
c - Spider Form           Tmut/Pois      #.........   38%         3    ####...

Your spell library contained the following spells:

 Spells                   Type           Power        Failure   Level  Hunger
 Blade Hands              Tmut           #.........   91%         5    ######.
 Ice Form                 Ice/Tmut       #.......     80%         4    #####..


Dungeon Overview and Level Annotations

Branches:
Dungeon (4/15)
 Temple: D:4-7

Altars:
Dithmenos
Elyvilon
Okawaru

Annotations:
D:3 1 runed door, zard0z's ghost, weakling DEFE


Message History

Your ball python bites the killer bee but does no damage.
Your ball python constricts the killer bee.
You hit the killer bee.
The killer bee is moderately wounded.
* * * LOW HITPOINT WARNING * * *
You feel sick.
The killer bee stings you but does no damage.
Your ball python bites the killer bee.
Your ball python constricts the killer bee.
The killer bee closely misses you.
You hit the killer bee.
The killer bee is heavily wounded.
The killer bee stings you but does no damage.
Your ball python bites the killer bee but does no damage.
Your ball python constricts the killer bee.
The killer bee stings you but does no damage.
Unknown command.
You closely miss the killer bee.
The killer bee is moderately wounded.
You die...

........... #.
........... ..
.......... .##
.........# ..#
......... #.##
........# ##..#
........## ###...#
.........###..)..#
........Sy@..###.#
............##
#.## ..........###
#..# .........##
##.# ........##
#.### .......##
#.#.# #.......#
##.## ###.....##
##.# ##.....##
###..#


You could see a killer bee and a friendly ball python.

Vanquished Creatures
  An orc priest (D:2)
  An adder (D:2)
  3 oozes
  3 worms (D:2)
  2 dart slugs
  A leopard gecko (D:2)
  3 orcs (D:2)
  4 goblins
  A hobgoblin (D:1)
  A ball python (D:2)
  2 bats (D:2)
  4 frilled lizards
  4 kobolds
  7 rats
37 creatures vanquished.

Vanquished Creatures (others)
  A quokka (D:2)
  A kobold (D:2)
2 creatures vanquished.

Grand Total: 39 creatures vanquished

Notes
Turn   | Place    | Note
-------+----------+-------------------------------------------
     0 | D:1      | twist the Merfolk Transmuter began the quest for the Orb.
     0 | D:1      | Reached XP level 1. HP: 15/15 MP: 3/3
    89 | D:1      | Reached XP level 2. HP: 18/21 MP: 3/5
   246 | D:1      | Reached skill level 1 in Polearms
   279 | D:1      | Reached skill level 2 in Polearms
   879 | D:2      | Reached XP level 3. HP: 25/26 MP: 6/6
   904 | D:2      | Found an iron altar of Okawaru.
   911 | D:2      | Reached skill level 3 in Polearms
   976 | D:2      | Reached skill level 4 in Polearms
   976 | D:2      | Reached XP level 4. HP: 10/32 MP: 3/7
  1380 | D:2      | Found a white marble altar of Elyvilon.
  1725 | D:2      | Reached skill level 5 in Polearms
  1966 | D:3      | Found a shadowy altar of Dithmenos.
  1977 | D:3      | Found a runed door.
  1982 | D:3      | Noticed zard0z's ghost (weakling DEFE)
  2383 | D:3      | Learned a level 2 spell: Sticks to Snakes
  2387 | D:3      | Learned a level 3 spell: Spider Form
  2485 | D:4      | HP: 1/32 [killer bee (3)]
  2488 | D:4      | Succumbed to a killer bee's poison

Vault maps used:
D:1:      kennysheep_arrival_seaside
D:2:      okawaru_gym_becter, elyvilon_altar_4, first_ration
D:3:      lemuel_crystal_altar, gammafunk_temple_overflow_pools,
          ebering_ghost_inner_flame, uniq_jessica
D:4:      nicolae_overflow_hidden_temple

Skill      XL: |  1  2  3  4 |
---------------+-------------+-----
Polearms       | 2 4 5 |  5.4
Fighting       | |  1.3
Dodging        | |  2.9
Unarmed Combat | |  3.4
Spellcasting   | |  2.1
Transmutations | |  2.9

Action                   |  1- 3 |  4- 6 || total
-------------------------+-------+-------++-------
Melee: Unarmed           |    10 |       ||    10
       Headbutt          |     5 |     5 ||    10
       Spear             |    58 |    69 ||   127
       Punch             |     1 |       ||     1
 Cast: Beastly Appendage |     5 |     4 ||     9
       Sticks to Snakes  |       |     2 ||     2
 Stab: Sleeping          |     3 |     2 ||     5
  Eat: Chunk             |       |     3 ||     3
       Ration            |       |     1 ||     1
Armor: Robe              |     7 |    13 ||    20
Dodge: Dodged            |    27 |    32 ||    59

Table legend:
 A = Spawn XP
 B = Non-spawn XP
 C = Spawn XP percentage of total XP
 D = Spawn monster count
 E = Non-spawn monster count
 F = Spawn count percentage of total count
 G = Total turns spent on level
                    A         B        C        D         E        F      G
               +---------+---------+-------+---------+---------+-------+---------
         Total |       0 |     138 |   0.0 |       0 |      37 |   0.0 |  2488
               +---------+---------+-------+---------+---------+-------+---------
           D:1 |       0 |      29 |   0.0 |       0 |      11 |   0.0 |   770
           D:2 |       0 |      97 |   0.0 |       0 |      23 |   0.0 |  1099
           D:3 |       0 |      12 |   0.0 |       0 |       3 |   0.0 |   567
               +---------+---------+-------+---------+---------+-------+---------
